 Dungeon Sprint DCSS version 0.27-a0-489-g24c7b1a3ef (webtiles) character file.

Game seed: 14577977391362710812

30433 rocky1 the Earth Mage (level 13, -2/162 HPs)
             Began as a Grey Draconian Earth Elementalist on Mar 2, 2021.
             Was the Champion of Sif Muna.
             Slain by a vampire knight
             ... wielding a +3 long sword
              (21 damage)
             ... while paralysed by a vampire knight
             ... in the Dungeon (Sprint VII: "The Pits").
             The game lasted 00:34:22 (3894 turns).

rocky1 the Earth Mage (DrEE)                        Turns: 3894, Time: 00:34:23

Health: -2/162     AC: 31    Str: 11    XL:     13   Next: 20%
Magic:  19/30      EV:  2    Int: 20    God:    Sif Muna [******]
Gold:   28         SH:  0    Dex: 12    Spells: 1/39 levels left

rFire    . . .     SeeInvis .   l - +1 quarterstaff (protect)
rCold    . . .     Faith    .   (shield currently unavailable)
rNeg     + + .     Spirit   .   (armour unavailable)
rPois    ∞         Reflect  .   (helmet restricted)
rElec    +         Harm     .   s - +0 cloak
rCorr    .         Rampage  .   (gloves currently unavailable)
Will     .....     NoTele   +   (boots currently unavailable)
Stlth    ++........             A - amulet of magic regeneration
HPRegen  0.37/turn              o - +3 ring of protection
MPRegen  0.47/turn              B - ring of positive energy

@: paralysed, statue-form, studying Long Blades
A: (walk through water), unfitting armour, unbreathing, cold-blooded, AC +13
a: End Transformation, Renounce Religion, Channel Magic, Forget Spell, Divine
Exegesis


You were in the Dungeon.
You worshipped Sif Muna.
Sif Muna was exalted by your worship.
You were a stone statue.
You visited 1 branch You collected 28 gold pieces.

Inventory:

Hand Weapons
 l - a +1 quarterstaff of protection (weapon)
 q - a +4 quarterstaff of speed
 D - the +10 zealot's sword {holy, *Rage rN+ EV+3}
   (You took it off an orc warrior in the Dungeon)

   It has been blessed by the Shining One to cause great damage to the undead
   and demons.
   It affects your evasion (+3).
   It protects you from negative energy.
   It may make you go berserk in combat.
Missiles
 b - 52 stones
Armour
 r - a +0 pair of boots (melded)
 s - a +0 cloak (worn)
Magical Staves
 v - a staff of cold
Jewellery
 o - a +3 ring of protection (left hand)
 A - an amulet of magic regeneration (around neck)
 B - a ring of positive energy (right hand)
Wands
 a - a wand of digging (4)
 m - a wand of flame (41)
 u - a wand of iceblast (6)
Scrolls
 j - 5 scrolls of amnesia
 x - 8 scrolls of enchant weapon
 y - a scroll of blinking
 z - a scroll of fear
 G - a scroll of fog
Potions
 c - 9 potions of curing
 d - a potion of heal wounds
 e - 2 potions of haste
 f - 3 potions of magic
 g - 5 potions of berserk rage
 h - a potion of brilliance
 i - 2 potions of invisibility
 k - 4 potions of might
 p - 3 potions of mutation
Miscellaneous
 C - a tin of tremorstones (2/2)


   Skills:
 + Level 14.8 Fighting
 + Level 0.0 Long Blades
 + Level 13.3 Dodging
 - Level 1.7 Stealth
 + Level 13.7 Spellcasting
 + Level 10.5 Conjurations
 + Level 10.6 Transmutations
 + Level 6.0 Fire Magic
 + Level 19.4 Earth Magic
 - Level 12.0 Invocations


You had one spell level left.
You knew the following spells:

 Your Spells              Type           Power        Failure   Level
a - Sandblast             Erth           100%         0%          1
b - Stone Arrow           Conj/Erth      100%         1%          3
c - Lee's Rapid Deconstr  Erth           37%          1%          5
d - Iron Shot             Conj/Erth      32%          1%          6
e - Statue Form           Tmut/Erth      43%          1%          6
f - Fire Storm            Conj/Fire      23%          100%        9
g - Lehudib's Crystal Sp  Conj/Erth      32%          54%         8

Your spell library contained the following spells:

 Spells                   Type           Power        Failure   Level
 Foxfire                  Conj/Fire      100%         1%          1
 Magic Dart               Conj           100%         1%          1
 Shock                    Conj/Air       100%         1%          1
 Sting                    Tmut/Pois      100%         1%          1
 Animate Skeleton         Necr           26%          4%          1
 Pain                     Necr           52%          4%          1
 Summon Small Mammal      Summ           52%          4%          1
 Passwall                 Tmut/Erth      54%          0%          2
 Searing Ray              Conj           100%         1%          2
 Wereblood                Tmut           54%          1%          2
 Conjure Flame            Conj/Fire      46%          1%          3
 Dazzling Flash           Conj/Hex       68%          1%          3
 Ignite Poison            Fire/Tmut/Pois 36%          1%          3
 Spider Form              Tmut/Pois      17%          1%          3
 Static Discharge         Conj/Air       34%          1%          3
 Leda's Liquefaction      Hex/Erth       25%          1%          4
 Petrify                  Tmut/Erth      65%          1%          4
 Sticky Flame             Conj/Fire      46%          1%          4
 Blade Hands              Tmut           27%          1%          5
 Bolt of Magma            Conj/Fire/Erth 29%          1%          5
 Irradiate                Conj/Tmut      27%          1%          5
 Iskenderun's Battlesphe  Conj           54%          1%          5
 Borgnjor's Vile Clutch   Necr/Erth      25%          2%          5
 Mephitic Cloud           Conj/Pois/Air  27%          3%          3
 Inner Flame              Hex/Fire       25%          4%          3
 Fireball                 Conj/Fire      23%          4%          5
 Fulminant Prism          Conj/Hex       17%          5%          4
 Ice Form                 Ice/Tmut       35%          5%          4
 Iskenderun's Mystic Bla  Conj/Tloc      34%          5%          4
 Corpse Rot               Necr/Air       N/A          7%          2
 Ensorcelled Hibernation  Hex/Ice        26%          7%          2
 Slow                     Hex            13%          7%          2
 Hydra Form               Tmut           27%          9%          6
 Confusing Touch          Hex            13%          14%         3
 Gell's Gravitas          Tloc           6%           14%         3
 Lesser Beckoning         Tloc           6%           14%         3
 Summon Guardian Golem    Hex/Summ       13%          14%         3
 Alistair's Intoxication  Tmut/Pois      23%          14%         5
 Yara's Violent Unravell  Hex/Tmut       17%          14%         5
 Starburst                Conj/Fire      23%          24%         6
 Airstrike                Air            6%           43%         4
 Cause Fear               Hex            6%           43%         4
 Olgreb's Toxic Radiance  Pois           13%          43%         4
 Summon Ice Beast         Ice/Summ       13%          43%         4
 Summon Lightning Spire   Summ/Air       13%          43%         4
 Dragon Form              Tmut           27%          45%         7
 Orb of Destruction       Conj           27%          45%         7
 Conjure Ball Lightning   Conj/Air       17%          63%         6
 Eringya's Noxious Bog    Tmut/Pois      17%          63%         6
 Agony                    Necr           13%          78%         5
 Excruciating Wounds      Necr           6%           78%         5
 Metabolic Englaciation   Hex/Ice        6%           78%         5
 Silence                  Hex/Air        6%           78%         5
 Summon Forest            Summ/Tloc      6%           78%         5
 Summon Mana Viper        Hex/Summ       13%          78%         5
 Freezing Cloud           Conj/Ice/Air   13%          86%         6
 Shatter                  Erth           37%          86%         9
 Spellforged Servitor     Conj/Summ      17%          99%         7
 Simulacrum               Ice/Necr       6%           100%        6
 Malign Gateway           Summ/Tloc      6%           100%        7
 Borgnjor's Revivificati  Necr           6%           100%        8
 Chain Lightning          Conj/Air       17%          100%        8
 Necromutation            Tmut/Necr      17%          100%        8
 Death's Door             Necr           6%           100%        9
 Animate Armour           Summ/Erth      Unusable     N/A         4

Dungeon Overview and Level Annotations

Branches:
Dungeon (1/1)

Altars:
Ashenzari
Cheibriados
Dithmenos
Elyvilon
Fedhas
Gozag
Hepliaklqana
Kikubaaqudgha
Makhleb
Nemelex Xobeh
Okawaru
Qazlal
Ru
Sif Muna
Trog
Uskayaw
Vehumet
Wu Jian
Xom
Yredelemnul
Zin
The Shining One
Beogh
Jiyva
Lugonu


Innate Abilities, Weirdness & Mutations

((You can walk through water.))
((Your dull iron-grey scales are very hard. (AC +13)))
You cannot fit into any form of body armour.
You can survive without breathing.
You are cold-blooded and may be slowed by cold attacks.


Message History

The orc knight is heavily wounded.
The vampire knight casts a spell at itself.
The vampire knight flickers and vanishes!
Deactivating autopickup; reactivate with Ctrl-A.
The orc knight roars a battlecry!
Unknown command.
Casting: Lee's Rapid Deconstruction (safe; 1% risk of failure)
Confirm with . or Enter, or press ? or * to list all spells.
Aiming: Lee's Rapid Deconstruction (safe; 1% risk of failure)
Press: ? - help, Dir - move target A metal wall.
The metal wall shatters!
The blast of metal fragments hits the orc knight!!
The orc knight is almost dead.
You hear some strange, mumbled words.
You suddenly lose the ability to move!
The orc knight no longer looks unusually strong.
The orc knight roars a battlecry!
The orc knight goes into a battle-frenzy!
The orc knight no longer looks unusually strong.
Something hits you but does no damage. Something bites you.
The orc knight roars a battlecry!
The orc knight goes into a battle-frenzy!
Something hits you but does no damage. Something bites you but does no damage.
The orc knight roars a battlecry!
Something hits you! Something bites you but does no damage.
The orc warlord shouts!
The orc knight hits you with a +0 long sword!!
Something hits you but does no damage. Something bites you but does no damage.
Something hits you but does no damage. Something bites you.
* * * LOW HITPOINT WARNING * * *
The orc knight hits you with a +0 long sword.
* * * LOW HITPOINT WARNING * * *
The orc warlord hits you from afar with a +3 bardiche of protection!!
* * * LOW HITPOINT WARNING * * *
Something hits you but does no damage. Something bites you but does no damage.
The orc knight hits you with a +0 long sword!
* * * LOW HITPOINT WARNING * * *
Something hits you!!
You die...

.''..........# .''..........#
.##..#..=.#..# .##..........+
.##..........+ .####''####''#
.####''####''####################
.##..)...##......oo..o...oo......
.##.#)##.##.....8{o..oo..ooo.....
.##.#))'.##..##############o'####
.##.').#.##..# ......
###.#)|'.##..# .......#
###.+..#.##..# ###o.####
.##.##+#.##..# ..o. .##.. ##..#
.o..o .# #..#


oooo. .##########..# You could see 2 orc warlords and 4 orc knights.

Vanquished Creatures
  Kirke (D)
  A nagaraja (D)
  A ghost moth (D)
  A boulder beetle (D)
  A naga warrior (D)
  3 death knights (D)
  A centaur warrior (D)
  2 death yaks (D)
  A merfolk avatar (D)
  Urug (D)
  2 orc high priests (D)
  A sun demon (D)
  Sonja (D)
  A salamander mystic (D)
  A necromancer (D)
  A bog body (D)
  3 phantasmal warriors (D)
  2 cyclopes (D)
  A manticore (D)
  An orange demon (D)
  2 smoke demons (D)
  4 freezing wraiths (D)
  A demonic crawler (D)
  2 cane toads (D)
  An efreet (D)
  A guardian mummy (D)
  A hornet (D)
  2 jumping spiders (D)
  8 blink frogs (D)
  4 dream sheep (D)
  3 redbacks (D)
  A vampire (D)
  2 shadows (D)
  A spriggan (D)
  2 flying skulls (D)
  A wraith (D)
  A wyvern (D)
  2 ynoxinuls (D)
  6 hogs (D)
  8 yaks (D)
  Grum (D)
  2 fire bats (D)
  Eustachio (D)
  A steam dragon (D)
  3 wargs (D)
  4 vampire mosquitoes (D)
  An acid dragon (D)
  2 nagas (D)
  A soldier ant (D)
  A water moccasin (D)
  3 floating eyes (D)
  An ice beast (D)
  6 orc warriors (D)
  A black bear (D)
  9 wolves (D)
  A kobold brigand (D)
  Blork the orc (D)
  An earth elemental (D)
  A gnoll shaman (D)
  A hell rat (D)
  A mummy (D)
  8 gnolls (D)
  An adder (D)
  A white imp (D)
  2 ufetubi (D)
  An adder skeleton (D)
  A worm (D)
  A leopard gecko (D)
  2 ball pythons (D)
  2 bat zombies (D)
  A giant cockroach (D)
  2 goblins (D)
  A quokka (D)
  A bat (D)
  A giant cockroach zombie (D)
  A leopard gecko simulacrum (D)
149 creatures vanquished.

Notes
Turn   | Place    | Note
-------+----------+-------------------------------------------
     0 | D        | rocky1 the Draconian Earth Elementalist began the quest for
                  | the Orb.
     0 | D        | Reached XP level 1. HP: 14/14 MP: 3/3
    13 | D        | Noticed a floating eye
    22 | D        | Paralysed by a floating eye for 4 turns
    27 | D        | Killed a floating eye
    28 | D        | Reached skill level 9 in Earth Magic
    28 | D        | Reached XP level 2. HP: 20/20 MP: 5/5
    28 | D        | Reached XP level 3. HP: 26/26 MP: 6/6
    28 | D        | Reached XP level 4. HP: 33/33 MP: 7/7
    33 | D        | Learned a level 3 spell: Stone Arrow
    58 | D        | Found a bloodstained altar of Trog.
    58 | D        | Found a shimmering blue altar of Sif Muna.
    58 | D        | Found a viscous altar of Jiyva.
    58 | D        | Found a hazy altar of Hepliaklqana.
    58 | D        | Found an opulent altar of Gozag.
    59 | D        | Found a glowing golden altar of the Shining One.
    59 | D        | Found a glowing silver altar of Zin.
    59 | D        | Found a basalt altar of Yredelemnul.
    59 | D        | Found a shimmering altar of Xom.
    59 | D        | Found an ornate altar of the Wu Jian Council.
    59 | D        | Found a sacrificial altar of Ru.
    59 | D        | Found a stormy altar of Qazlal.
    59 | D        | Found an iron altar of Okawaru.
    59 | D        | Found a sparkling altar of Nemelex Xobeh.
    59 | D        | Found a burning altar of Makhleb.
    59 | D        | Found a blossoming altar of Fedhas.
    59 | D        | Found a white marble altar of Elyvilon.
    59 | D        | Found a shadowy altar of Dithmenos.
    59 | D        | Found a snail-covered altar of Cheibriados.
    62 | D        | Found a corrupted altar of Lugonu.
    62 | D        | Found a radiant altar of Vehumet.
    62 | D        | Found a roughly hewn altar of Beogh.
    63 | D        | Found an ancient bone altar of Kikubaaqudgha.
    63 | D        | Found a hide-covered altar of Uskayaw.
    63 | D        | Found a broken altar of Ashenzari.
    64 | D        | Became a worshipper of Sif Muna the Loreminder
    75 | D        | Noticed a floating eye
    78 | D        | Paralysed by a floating eye for 4 turns
    82 | D        | Killed a floating eye
    83 | D        | Reached skill level 10 in Earth Magic
    83 | D        | Reached XP level 5. HP: 38/38 MP: 7/11
    89 | D        | Learned a level 5 spell: Lee's Rapid Deconstruction
   124 | D        | Reached * piety under Sif Muna
   238 | D        | Noticed an ice beast
   239 | D        | Killed a floating eye
   239 | D        | Reached ** piety under Sif Muna
   240 | D        | Reached skill level 5 in Spellcasting
   240 | D        | Reached skill level 5 in Invocations
   240 | D        | Reached XP level 6. HP: 45/45 MP: 6/13
   240 | D        | Killed an ice beast
   241 | D        | Reached skill level 11 in Earth Magic
   388 | D        | Noticed a warg
   389 | D        | Noticed a flying skull
   389 | D        | Noticed Blork the orc
   393 | D        | Killed a flying skull
   393 | D        | Reached *** piety under Sif Muna
   394 | D        | Your scales start taking on a dull iron-grey colour.
   394 | D        | Reached skill level 13 in Earth Magic
   394 | D        | Reached XP level 7. HP: 56/56 MP: 9/16
   394 | D        | Gained mutation: You can survive without breathing. [Grey
                  | Draconian growth]
   398 | D        | Reached skill level 5 in Dodging
   405 | D        | Killed Blork the orc
   410 | D        | Reached **** piety under Sif Muna
   558 | D        | Noticed a spriggan
   559 | D        | Killed a spriggan
   560 | D        | Reached XP level 8. HP: 67/67 MP: 12/18
   599 | D        | Noticed a flying skull
   601 | D        | Reached ***** piety under Sif Muna
   601 | D        | Identified Sif Muna's Grimoire of Calling and Evil Magic
                  | (Sif Muna gifted it to you in the Dungeon)
   601 | D        | Received a gift from Sif Muna
   601 | D        | Killed a flying skull
   602 | D        | Reached skill level 5 in Fighting
   684 | D        | Noticed Urug
   684 | D        | Noticed Grum
   688 | D        | Reached skill level 14 in Earth Magic
   689 | D        | Killed Grum
   698 | D        | Killed Urug
   699 | D        | Reached skill level 10 in Invocations
   699 | D        | Reached XP level 9. HP: 24/80 MP: 12/21
  1036 | D        | Identified Sif Muna's Reference Book on Quantum Shape
                  | Shifting (Sif Muna gifted it to you in the Dungeon)
  1036 | D        | Received a gift from Sif Muna
  1037 | D        | Reached skill level 15 in Earth Magic
  1135 | D        | Noticed a smoke demon
  1136 | D        | Noticed a freezing wraith
  1136 | D        | Noticed Eustachio
  1141 | D        | Killed a smoke demon
  1141 | D        | Received a gift from Sif Muna
  1141 | D        | Killed Eustachio
  1147 | D        | Killed a freezing wraith
  1149 | D        | Reached XP level 10. HP: 91/91 MP: 3/23
  1162 | D        | Noticed Sonja
  1163 | D        | Killed Sonja
  1163 | D        | Noticed a boulder beetle
  1163 | D        | Noticed a phantasmal warrior
  1164 | D        | Reached skill level 10 in Spellcasting
  1195 | D        | Killed a phantasmal warrior
  1195 | D        | Received a gift from Sif Muna
  1196 | D        | Reached skill level 10 in Fighting
  1196 | D        | Reached skill level 16 in Earth Magic
  1217 | D        | Killed a boulder beetle
  1535 | D        | Learned a level 6 spell: Iron Shot
  1542 | D        | Learned a level 6 spell: Statue Form
  1545 | D        | Noticed a death knight
  1545 | D        | Noticed a sun demon
  1549 | D        | Reached skill level 1 in Conjurations
  1550 | D        | Killed a sun demon
  1550 | D        | Identified Xem Iroo's Tome of Blistering Flight (Sif Muna
                  | gifted it to you in the Dungeon)
  1550 | D        | Received a gift from Sif Muna
  1551 | D        | Reached skill level 10 in Dodging
  1554 | D        | Killed a death knight
  1950 | D        | Noticed a cyclops
  1953 | D        | Reached XP level 11. HP: 88/102 MP: 20/26
  1960 | D        | Identified Atuluona's Volume of Captivating Battle Magic
                  | (Sif Muna gifted it to you in the Dungeon)
  1960 | D        | Received a gift from Sif Muna
  2260 | D        | Identified Fimes's Papyrus of Shifting Ice (Sif Muna gifted
                  | it to you in the Dungeon)
  2260 | D        | Received a gift from Sif Muna
  2261 | D        | Reached skill level 5 in Transmutations
  2261 | D        | Reached skill level 17 in Earth Magic
  2261 | D        | Reached ****** piety under Sif Muna
  2261 | D        | Noticed a phantasmal warrior
  2262 | D        | Reached skill level 5 in Conjurations
  2264 | D        | Killed a ghost moth
  2264 | D        | Noticed Kirke
  2265 | D        | Identified Mainwe's Collected Works on Captivating Sinister
                  | Arts (Sif Muna gifted it to you in the Dungeon)
  2265 | D        | Received a gift from Sif Muna
  2272 | D        | Identified Sif Muna's Grimoire of Transmigration (Sif Muna
                  | gifted it to you in the Dungeon)
  2272 | D        | Received a gift from Sif Muna
  2275 | D        | HP: 5/105 [phantasmal warrior (34)]
  2280 | D        | Killed a phantasmal warrior
  2285 | D        | Killed Kirke
  2766 | D        | Noticed a death yak
  2776 | D        | Killed a death yak
  2777 | D        | Reached skill level 18 in Earth Magic
  2777 | D        | Reached XP level 12. HP: 113/113 MP: 8/28
  2937 | D        | Noticed a death knight
  2939 | D        | Identified Jiriat's Guide on Ensnaring Changing (Sif Muna
                  | gifted it to you in the Dungeon)
  2939 | D        | Received a gift from Sif Muna
  2945 | D        | Killed a death knight
  2993 | D        | Identified Sif Muna's Almanac of Flying Battle Magic (Sif
                  | Muna gifted it to you in the Dungeon)
  2993 | D        | Received a gift from Sif Muna
  3199 | D        | Identified Sif Muna's Disquisition on Excruciating
                  | Transformation (Sif Muna gifted it to you in the Dungeon)
  3199 | D        | Received a gift from Sif Muna
  3265 | D        | Learned a level 9 spell: Fire Storm
  3323 | D        | Noticed a death knight
  3323 | D        | Noticed an orc high priest
  3325 | D        | Killed an orc high priest
  3326 | D        | Reached skill level 1 in Fire Magic
  3326 | D        | Killed a death knight
  3343 | D        | Identified Sif Muna's Catalogue of Conjuration and Sinister
                  | Rites (Sif Muna gifted it to you in the Dungeon)
  3343 | D        | Received a gift from Sif Muna
  3454 | D        | Noticed a death yak
  3457 | D        | Killed a death yak
  3462 | D        | Identified Cipus's Almanac of Unstable Combat Magic (Sif
                  | Muna gifted it to you in the Dungeon)
  3462 | D        | Received a gift from Sif Muna
  3463 | D        | Noticed a centaur warrior
  3466 | D        | Killed a centaur warrior
  3473 | D        | Noticed a nagaraja
  3476 | D        | Killed a nagaraja
  3476 | D        | Identified Sif Muna's Volume of Transmutation (Sif Muna
                  | gifted it to you in the Dungeon)
  3476 | D        | Received a gift from Sif Muna
  3477 | D        | Reached skill level 10 in Transmutations
  3477 | D        | Reached skill level 19 in Earth Magic
  3477 | D        | Noticed a naga warrior
  3480 | D        | Noticed a merfolk avatar
  3481 | D        | Killed a merfolk avatar
  3482 | D        | Reached skill level 10 in Conjurations
  3482 | D        | Reached XP level 13. HP: 68/125 MP: 20/30
  3483 | D        | Reached skill level 5 in Fire Magic
  3489 | D        | Identified Sif Muna's Almanac of Venom and the Entourage
                  | (Sif Muna gifted it to you in the Dungeon)
  3489 | D        | Received a gift from Sif Muna
  3537 | D        | Identified Sif Muna's Collected Works on Combat Magic (Sif
                  | Muna gifted it to you in the Dungeon)
  3537 | D        | Received a gift from Sif Muna
  3847 | D        | Learned a level 8 spell: Lehudib's Crystal Spear
  3875 | D        | Noticed a vampire knight
  3876 | D        | Noticed an orc warlord
  3876 | D        | Noticed an orc warlord
  3879 | D        | Paralysed by a vampire knight for 6 turns
  3888 | D        | Paralysed by something for 7 turns
  3894 | D        | Slain by a vampire knight

Illustrated notes

Levels and vault maps discovered:
D:        pitsprint [storerooms_1, entrance_room_1, metal_vault_1, armoury_2,
          mini_pit_1, grid_room_1, main_hall_1, silver_pit, the_coven_1,
          the_vestibule_1, steel_vault_4, golden_pit, hallway_of_sentries,
          crystal_vault_1, iron_vault_4, final_vault]

Skill      XL: |  1  2  3  4  5  6  7  8  9 10 11 12 13 |
---------------+----------------------------------------+-----
Earth Magic    | 9 10 13 14 15 16 18 19 | 19.4
Spellcasting   | 4 5 6 7 8 9 11 12 13 | 13.7
Invocations    | 4 5 7 8 10 11 12 | 12.0
Dodging        | 3 4 5 7 8 10 11 13 | 13.3
Fighting       | 2 4 7 9 11 12 14 | 14.8
Conjurations   | 3 7 10 | 10.5
Transmutations | 3 7 10 | 10.6
Fire Magic     | 4 6 |  6.0
Stealth        | |  1.7

Action                   |  1- 3 |  4- 6 |  7- 9 | 10-12 | 13-15 || total
-------------------------+-------+-------+-------+-------+-------++-------
Melee: Unarmed           |     9 |       |       |       |       ||     9
       Tailslap          |     2 |     2 |       |     4 |       ||     8
       Quarterstaff      |       |     7 |     4 |    25 |     5 ||    41
 Cast: Sandblast         |       |     2 |     2 |     1 |       ||     5
       Lee's Rapid Decon |       |     3 |    23 |    87 |    23 ||   136
       Stone Arrow       |       |       |       |       |     2 ||     2
       Statue Form       |       |       |       |       |     2 ||     2
Invok: Channel Magic     |       |       |     2 |    10 |     3 ||    15
  Use: Potion            |       |       |     3 |    10 |       ||    13
       Scroll            |       |       |       |     2 |     1 ||     3
Armor: Skin              |       |       |    10 |    23 |    16 ||    49
Dodge: Dodged            |       |     3 |    15 |    64 |    16 ||    98

Table legend: (Time is in decaauts)
 A = Elapsed time spent in this place.
 B = Non-inter-level travel time spent in this place.
 C = Inter-level travel time spent in this place.
 D = Time resting spent in this place.
 E = Time spent auto-exploring this place.
 F = Levels seen in this place.
 G = Mean time per level.
                   A        B        C        D        E       F      G
               +--------+--------+--------+--------+--------+-----+--------+
         Total |   3926 |   3926 |      0 |   2599 |      0 |   1 | 3926.0 |
       Dungeon |   3926 |   3926 |      0 |   2599 |      0 |   1 | 3926.0 |
               +--------+--------+--------+--------+--------+-----+--------+

Top non-repeatable levels by time:
       D: 3926 daAuts
